 Dungeon Crawl Stone Soup version 0.19.5 (webtiles) character file.

2300 Firecrotchwizard the Cleaver (level 9, -2/79 HPs)
             Began as a Minotaur Berserker on Apr 24, 2017.
             Was an Elder of Trog.
             Slain by an orc warrior
             ... wielding a +0 trident
              (13 damage)
             ... on level 7 of the Dungeon.
             The game lasted 00:13:56 (5345 turns).

Firecrotchwizard the Cleaver (Minotaur Berserker)   Turns: 5345, Time: 00:13:56

Health: -2/79      AC: 16    Str: 21    XL:     9   Next: 17%
Magic:  8/8        EV:  9    Int:  4    God:    Trog [****..]
Gold:   301        SH:  5    Dex: 14    Spells: 0 memorised, 8 levels left

rFire  . . .     SeeInvis .     f - +1 war axe
rCold  . . .     Gourm    .     l - +0 plate armour
rNeg   . . .     Faith    .     (no shield)
rPois  .         Spirit   .     (helmet restricted)
rElec  .         Reflect  +     (no cloak)
rCorr  .         Harm     .     y - +0 pair of gloves
MR     .....                    n - +1 pair of boots
Stlth  ..........               i - +5 amulet of reflection
                                (no ring)
                                (no ring)

@: no status effects
A: retaliatory headbutt, horns 2
a: Berserk, Trog's Hand, Brothers in Arms, Burn Spellbooks, Renounce Religion


You were on level 7 of the Dungeon.
You worshipped Trog.
Trog was greatly pleased with you.
You were not hungry.

You visited 1 branch of the dungeon, and saw 7 of its levels.

You collected 301 gold pieces.

Inventory:

Hand Weapons
 b - a +0 whip of flaming
   (You took it off Pikel on level 6 of the Dungeon)
 f - a +1 war axe (weapon)
   (You found it on level 3 of the Dungeon)
 t - a +0 dagger of venom
   (You took it off an orc on level 7 of the Dungeon)
 A - a +0 flail of crushing
   (You took it off an orc priest on level 6 of the Dungeon)
Armour
 l - a +0 plate armour (worn)
   (You found it on level 1 of the Dungeon)
 n - a +1 pair of boots (worn)
   (You found it on level 7 of the Dungeon)
 q - a +0 pair of boots
   (You found it on level 2 of the Dungeon)
 y - a +0 pair of gloves (worn)
   (You found it on level 3 of the Dungeon)
Jewellery
 i - a +5 amulet of reflection (around neck)
   (You found it on level 1 of the Dungeon)
 B - an uncursed amulet of regeneration {+regen, !d}
   (You found it on level 6 of the Dungeon)
 E - an uncursed amulet of regeneration {+regen, !d}
   (You found it on level 6 of the Dungeon)
Wands
 a - a wand of confusion (34/48)
   (You found it on level 7 of the Dungeon)
 u - a wand of paralysis (21/24)
   (You found it on level 3 of the Dungeon)
Scrolls
 e - a scroll of enchant weapon
 h - 3 scrolls of identify
 k - 3 scrolls of teleportation
 w - a scroll of remove curse
 D - a scroll of fear
 G - a scroll of fog
Potions
 d - a potion of cure mutation {unknown}
 g - a potion of mutation {unknown}
 m - a potion of might {unknown}
 o - 2 potions of agility
 r - a potion of lignification {unknown}
 v - a potion of degeneration {unknown}
 x - a potion of flight {unknown}
 z - 3 potions of curing {unknown}
 C - a potion of resistance {unknown}
Comestibles
 c - 5 bread rations {@e1}
 j - 2 meat rations {@e2}
 p - 4 beef jerkies
 s - 2 slices of pizza
 F - 4 chunks of flesh {@w0}


   Skills:
 + Level 7.3 Fighting
 * Level 10.1 Axes
 + Level 7.0 Armour
 + Level 6.2 Dodging


You had 8 spell levels left.
You didn't know any spells.

Dungeon Overview and Level Annotations

Branches:
Dungeon (7/15)             Temple (0/1) D:6

Altars:
Cheibriados
Dithmenos
Makhleb
Okawaru
The Shining One


Innate Abilities, Weirdness & Mutations

You reflexively headbutt those who attack you in melee.
You have a pair of horns on your head.


Message History

The orc priest hits you but does no damage.
The crimson imp throws a stone.
The stone hits you but does no damage.
The electric eel shoots out a bolt of lightning at you!
The bolt of electricity misses you.
You see here a stone.
You take 1 damage, and have 62/79 hp.
The orc priest invokes the aid of Beogh against you.
Pain shoots through your body!
The crimson imp shouts, "Away with thee, thou odious fob-snatching meatloaf!"
The crimson imp throws a stone.
The stone hits you but does no damage.
The electric eel shoots out a bolt of lightning at you!
The bolt of electricity hits you!
The electric eel shoots out a bolt of lightning at you!
The bolt of electricity hits the orc.
The orc dies!
The bolt of electricity hits you!
There is a large open door here.
You see here a stone.
You take 21 damage, and have 41/79 hp.
MASSIVE DAMAGE!!
The crimson imp throws a stone.
The stone barely misses you.
The electric eel shoots out a bolt of lightning at you!
The bolt of electricity hits you!
You take 7 damage, and have 34/79 hp.
The crimson imp throws a stone.
The stone misses you.
You see here a stone.
The crimson imp throws a stone.
The stone hits you but does no damage.
You see here a stone.
You are too injured to fight recklessly!
You are too injured to fight recklessly!
You are too injured to fight recklessly!
You closely miss the orc priest.
The orc priest invokes the aid of Beogh against you.
Pain shoots through your body!
You take 6 damage, and have 31/79 hp.
You hit the orc priest. The orc priest closely misses you.
You hit the orc priest.
The orc priest hits you but does no damage.
You slash the orc priest! You hit the orc. The orc closely misses you.
You furiously retaliate!
You headbutt the orc.
You kill the orc!
Trog accepts your kill. You block the orc priest's attack.
You hit the orc priest.
You kill the orc priest!
Trog accepts your kill.
You barely miss the orc. The orc barely misses you.
You closely miss the orc. The orc hits you but does no damage.
You closely miss the orc. You closely miss the crimson imp.
The crimson imp blinks!
The orc warrior hits you from afar with a trident.
The orc hits you but does no damage.
You take 4 damage, and have 28/79 hp.
You hit the orc. You block the orc warrior's attack.
The orc hits you but does no damage.
You slash the orc!
You kill the orc!
Trog accepts your kill. You block the orc warrior's attack.
The crimson imp throws a stone.
The stone barely misses you.
Items here: )) [ †† a short sword; a war axe; a leather armour; an orc corpse x2
The orc barely misses you. The orc warrior misses you.
Your plate armour prevents you from hitting the orc.
You headbutt the orc, but do no damage.
You hit the orc warrior but do no damage.
The orc barely misses you. You block the orc warrior's attack.
You hit the orc but do no damage.
Your plate armour prevents you from hitting the orc warrior.
The orc hits you with a dagger.
The orc warrior hits you but does no damage.
You hit the orc. You headbutt the orc.
You hit the orc warrior but do no damage.
The orc barely misses you. You furiously retaliate!
You headbutt the orc.
You kill the orc!
Trog accepts your kill.
You slash the orc warrior! You slash the crimson imp!
The orc warrior hits you with a trident!
* * * LOW HITPOINT WARNING * * *
The crimson imp closely misses you.
You take 11 damage, and have 18/79 hp.
You hit the orc warrior but do no damage.
You hit the crimson imp.
The orc warrior hits you but does no damage.
The crimson imp hits you but does no damage.
You hit the orc warrior but do no damage.
You headbutt the orc warrior. You closely miss the crimson imp.
The orc warrior hits you with a trident!
* * * LOW HITPOINT WARNING * * *
The crimson imp closely misses you.
You take 8 damage, and have 10/79 hp.
You closely miss the orc warrior. You headbutt the orc warrior!
You closely miss the crimson imp. The crimson imp barely misses you.
The orc warrior closely misses you. You furiously retaliate!
You headbutt the orc warrior, but do no damage.
You hit the orc warrior but do no damage.
You headbutt the orc warrior! You hit the crimson imp.
You block the crimson imp's attack.
The orc warrior hits you with a trident!
You die...

###).# #.# #..###
##....###+###....######
.................##...#
##.#.##..##...........#####.
#...#...##...).....).......
##..##........5..###.######
....#..####.##.### #.#
##..#.## #.##.#####.#####
##.##.#
##.##.o@).......#####.#
......#
#....)5####.........(..
####### ##..##.(#
#####(#####. .....##..#
#####(((## ####..#...#
#$.......#
....#...#####('#####
##..#...##≈5;(o≈≈≈#
#######..#..##≈≈≈≈..≈≈≈≈#
..........##≈≈≈≈≈..≈≈≈≈≈#


You could see an orc warrior and a crimson imp.

Vanquished Creatures
  Pikel (D:6)
  Grinder (D:3)
  Sigmund (D:4)
  Duvessa (D:5)
  3 ice beasts (D:6)
  A slave (D:6)
  4 ogres
  The ghost of wotkd0121004 the Conjurer, an amateur OpCj of Ashenzari (D:3)
  Dowan (D:5)
  3 howler monkeys
  2 orc priests
  5 orc wizards
  Jessica (D:3)
  A worker ant (D:4)
  Robin (D:3)
  8 adders
  4 gnolls (D:3)
  A shadow imp (D:3)
  An ooze (D:3)
  4 worms
  2 dart slugs
  8 leopard geckos
  15 orcs
  7 giant cockroaches
  19 goblins
  12 hobgoblins
  8 jackals
  4 quokkas
  9 bats
  5 frilled lizards
  A jackal skeleton (D:6)
  6 kobolds
  5 rats
146 creatures vanquished.

Vanquished Creatures (others)
  A black bear (D:6)
  2 orcs
3 creatures vanquished.

Grand Total: 149 creatures vanquished

Notes
Turn   | Place    | Note
-------+----------+-------------------------------------------
     0 | D:1      | Firecrotchwizard the Minotaur Berserker began the quest for the Orb.
     0 | D:1      | Reached XP level 1. HP: 19/19 MP: 0/0
   263 | D:1      | Reached XP level 2. HP: 24/26 MP: 1/1
   464 | D:1      | Reached skill level 4 in Axes
   677 | D:1      | Reached ** piety under Trog
   705 | D:1      | Reached skill level 3 in Armour
   705 | D:1      | Reached XP level 3. HP: 33/33 MP: 2/2
  1149 | D:2      | Reached skill level 4 in Fighting
  1340 | D:2      | Reached XP level 4. HP: 40/40 MP: 3/3
  1524 | D:3      | Reached skill level 3 in Dodging
  1561 | D:3      | Noticed Robin
  1574 | D:3      | Killed Robin
  1574 | D:3      | Reached *** piety under Trog
  1683 | D:3      | Reached skill level 5 in Axes
  1691 | D:3      | Noticed wotkd0121004's ghost (amateur OpCj)
  1706 | D:3      | Killed wotkd0121004's ghost
  1706 | D:3      | Reached XP level 5. HP: 34/47 MP: 4/4
  1825 | D:3      | Found an iron altar of Okawaru.
  1845 | D:3      | Reached skill level 4 in Armour
  1940 | D:3      | Noticed Jessica
  1940 | D:3      | Noticed Grinder
  1962 | D:3      | Killed Jessica
  1986 | D:3      | Paralysed by Grinder for 6 turns
  2002 | D:3      | Paralysed by Grinder for 5 turns
  2010 | D:3      | Killed Grinder
  2010 | D:3      | Reached skill level 5 in Fighting
  2010 | D:3      | Reached skill level 6 in Axes
  2010 | D:3      | Reached XP level 6. HP: 29/56 MP: 5/5
  2175 | D:3      | Reached skill level 4 in Dodging
  2413 | D:3      | Reached XP level 7. HP: 53/61 MP: 6/6
  2799 | D:3      | Reached skill level 5 in Armour
  2963 | D:4      | Reached skill level 7 in Axes
  3031 | D:4      | Found a glowing golden altar of the Shining One.
  3226 | D:4      | Found a snail-covered altar of Cheibriados.
  3624 | D:4      | Noticed Sigmund
  3642 | D:4      | Killed Sigmund
  3771 | D:5      | Entered Level 5 of the Dungeon
  3815 | D:5      | Noticed Duvessa
  3815 | D:5      | Noticed Dowan
  3826 | D:5      | Killed Duvessa
  3826 | D:5      | Reached skill level 8 in Axes
  3826 | D:5      | Reached skill level 5 in Dodging
  3826 | D:5      | Reached XP level 8. HP: 60/70 MP: 7/7
  3830 | D:5      | Killed Dowan
  3830 | D:5      | Reached skill level 6 in Fighting
  4303 | D:6      | Noticed Pikel
  4320 | D:6      | Killed Pikel
  4320 | D:6      | Reached skill level 9 in Axes
  4320 | D:6      | Reached skill level 6 in Armour
  4358 | D:6      | Reached **** piety under Trog
  4423 | D:6      | Found a staircase to the Ecumenical Temple.
  4571 | D:6      | Reached skill level 7 in Fighting
  4732 | D:6      | Found a burning altar of Makhleb.
  4750 | D:6      | Reached skill level 6 in Dodging
  4909 | D:6      | Reached XP level 9. HP: 58/79 MP: 8/8
  5028 | D:6      | Reached skill level 7 in Armour
  5252 | D:7      | Reached skill level 10 in Axes
  5267 | D:7      | Found a shadowy altar of Dithmenos.
  5341 | D:7      | HP: 18/79 [orc warrior/trident (11)]
  5345 | D:7      | Slain by an orc warrior

Skill      XL: |  1  2  3  4  5  6  7  8  9 |
---------------+----------------------------+-----
Axes           | 4 5 6 8 9 10 | 10.1
Armour         | 3 4 5 6 7 |  7.0
Fighting       | 4 5 7 |  7.3
Dodging        | 3 4 5 6 |  6.2

Action                   |  1- 3 |  4- 6 |  7- 9 || total
-------------------------+-------+-------+-------++-------
Melee: Hand axe          |    74 |   105 |       ||   179
       Headbutt          |    10 |    18 |    42 ||    70
       War axe           |       |    19 |   209 ||   228
Invok: Trog's Hand       |       |     2 |     2 ||     4
       Burn Spellbooks   |       |       |     1 ||     1
  Use: Scroll            |       |       |    11 ||    11
  Eat: Chunk             |     1 |     5 |    10 ||    16
Armor: Animal skin       |     2 |       |       ||     2
       Chain mail        |    10 |       |       ||    10
       Plate armour      |    20 |    65 |    94 ||   179
Dodge: Dodged            |    33 |    45 |    68 ||   146
Block: Other             |     6 |    21 |    54 ||    81
       Reflection        |       |     1 |       ||     1

Vault maps used:
D:1:      dpeg_arrival_yet_another_circle
D:2:      first_bread, hex_medium
D:3:      old_standard_altar, gup_sewer_entry_pipe, serial_corexii_hall,
          corexii_hall_statues_l, corexii_hall_statues_x, uniq_jessica,
          uniq_robin, uniq_grinder
D:4:      old_standard_altar, kennysheep_little_box, uniq_sigmund
D:5:      uniq_duvessa
D:6:      old_standard_altar, minmay_temple_entry_statues_pillars, uniq_pikel
D:7:      kennysheep_big_flooded_room, lemuel_doored_altar

Table legend:
 A = Turns spent in this place as a percentage of turns spent in the entire game.
 B = Non-inter-level travel turns spent in this place as a percentage of non-inter-level travel turns spent in the entire game.
 C = Inter-level travel turns spent in this place as a percentage of turns spent in this place.
 D = Turns resting spent in this place as a percentage of non-inter-level travel turns spent in this place.
 E = Turns spent auto-exploring this place as a percentage of non-inter-level travel turns spent in this place.
 F = Non-inter-level travel turns spent in this place divided by the number of levels of this place that you've seen.
                   A       B       C       D       E      F
               +-------+-------+-------+-------+-------+----------------------
         Total | 100.0 | 100.0 |   0.5 |   4.5 |  13.0 | 184.6
       Dungeon | 100.0 | 100.0 |   0.5 |   4.5 |  13.0 | 184.6
               +-------+-------+-------+-------+-------+----------------------

Table legend:
 A = Kills in this place as a percentage of kills in entire the game.
 B = Kills by you in this place as a percentage of kills by you in the entire game.
 C = Kills by friends in this place as a percentage of kills by friends in the entire game.
 D = Other kills in this place as a percentage of other kills in the entire game.
 E = Experience gained in this place as a percentage of experience gained in the entire game.
 F = Experience gained in this place divided by the number of levels of this place that you have seen.
                   A       B       C       D       E      F
               +-------+-------+-------+-------+-------+----------------------
         Total | 100.0 | 100.0 |  -nan |  -nan | 100.0 | 469.6
       Dungeon | 100.0 | 100.0 |  -nan |  -nan | 100.0 | 469.6
               +-------+-------+-------+-------+-------+----------------------
